 Dungeon Crawl Stone Soup version 0.31-a0-152-g6aa68a64a1 (webtiles) character file.

Game seed: 8049636695711172490

71 qw the Shooter (level 4, -2/28 HPs)
             Began as a Gargoyle Hunter on June 10, 2023.
             Slain by Terence
             ... wielding a +0 flail
              (5 damage)
             ... on level 3 of the Dungeon.
             The game lasted 00:00:31 (1507 turns).

qw the Shooter (Gargoyle Hunter)                    Turns: 1507, Time: 00:00:31

Health: -2/28      AC:  8    Str: 14    XL:     4   Next: 24%
Magic:  4/4        EV: 10    Int: 10    God:
Gold:   126        SH:  0    Dex: 15    Spells: 3/3 levels left

rFire   . . .        Y - +1 shortbow
rCold   . . .        (shield currently unavailable)
rNeg    + . .        f - +0 ring mail
rPois   inf          (no helmet)
rElec   +            (no cloak)
rCorr   .            (no gloves)
SInv    .            (no boots)
Will    .....        (no amulet)
Stlth   +            (no ring)
HPRegen 0.24/turn    (no ring)
MPRegen 0.09/turn

%: no passive effects
@: about to teleport
A: sickness immunity, AC +3, negative energy resistance 1, electricity
resistance, torment resistance 1, petrification resistance
a: no special abilities


You were on level 3 of the Dungeon.
You visited 1 branch of the dungeon, and saw 3 of its levels.

You collected 126 gold pieces.


Innate Abilities, Weirdness & Mutations

You are immune to sickness and miasma.
Your stone body is resilient. (AC +3)
You are immune to poison.
You resist negative energy. (rN+)
You are resistant to electric shocks. (rElec)
You are resistant to unholy torment.
You are immune to petrification.


   Skills:
 - Level 3.1 Fighting
 + Level 5.0 Ranged Weapons
 - Level 1.0 Armour
 - Level 1.5 Dodging
 - Level 1.1 Stealth


You had 3 spell levels left.
You didn't know any spells.
Your spell library was empty.

Inventory:

Hand Weapons
 Y - a +1 shortbow (weapon)
Armour
 a - a +2 pair of gloves
 f - a +0 ring mail (worn)
Jewellery
 c - an amulet of the acrobat
 d - a ring of fire
Scrolls
 b - a scroll of immolation {unknown}
Potions
 e - a potion of attraction {unknown}

Dungeon Overview and Level Annotations

Branches:
Dungeon (3/15)

Altars:

Annotations:
D:2 1 runed translucent door, Crazy Yiuf
D:3 Terence


Message History

There is an open door here.
Terence the Incautious comes into view.
He is wielding a +0 flail.
Found an escape hatch in the ceiling.
Terence shouts!
Enter note:
Enter note: You shoot an arrow.
The arrow barely misses Terence.
Terence hits you but does no damage.
You shoot an arrow. The arrow closely misses Terence.
Terence closely misses you. Terence hits you with a +0 flail.
You shoot an arrow. The arrow hits Terence.
Terence is lightly wounded.
Terence hits you but does no damage.
You shoot an arrow.
The arrow hits Terence but does no damage.
Terence is lightly wounded.
Terence barely misses you.
You shoot an arrow. The arrow barely misses Terence.
Terence hits you with a +0 flail.
You shoot an arrow. The arrow hits Terence.
Terence is lightly wounded.
Terence hits you but does no damage. Terence hits you with a +0 flail!
You shoot an arrow. The arrow hits Terence!
Terence is heavily wounded.
Terence barely misses you.
You shoot an arrow.
The arrow hits Terence but does no damage.
Terence is heavily wounded.
Terence hits you with a +0 flail.
You shoot an arrow. The arrow closely misses Terence.
Terence hits you with a +0 flail.
1506 ||| READING scroll of teleportation.
As you read the scroll of teleportation, it crumbles to dust.
You feel strangely unstable. Terence barely misses you.
You shoot an arrow.
The arrow hits Terence but does no damage.
Terence is heavily wounded.
Terence closely misses you. Terence hits you with a +0 flail.
You die...

.....# ## .....# ###.
.<...# #...### .....#
#.....# .....# ######
+...?.# .....# .......
##....##@....# .......
+.....'@.....+ ........
##....######## ........
##........# ........
#[.......# #..#...
#........# #.....
#........## ###...
............#########...
...............[........
.......................##


You could see Terence.

Vanquished Creatures
  A hound (D:3)
  An adder (D:3)
  A worm (D:2)
  An orc (D:3)
  4 ball pythons
  5 endoplasms
  A giant cockroach (D:2)
  2 goblins (D:1)
  2 hobgoblins
  2 kobolds
  2 quokkas (D:1)
  3 bats
  3 frilled lizards
  A rat (D:2)
29 creatures vanquished.

Notes
Turn   | Place    | Note
-------+----------+-------------------------------------------
     0 | D:1      | qw the Gargoyle Hunter began the quest for the Orb.
     0 | D:1      | Reached XP level 1. HP: 12/12 MP: 1/1
     0 | D:1      | 0 ||| qw: Version: 0.2-a-29-gd901d54
     0 | D:1      | 0 ||| qw: Game counter: 3972
     0 | D:1      | 0 ||| qw: Always use a shield: true
     0 | D:1      | 0 ||| qw: God list: Okawaru
     0 | D:1      | 0 ||| qw: Allow faded altars: false
     0 | D:1      | 0 ||| qw: Do Orc after D:15 true
     0 | D:1      | 0 ||| qw: Do second Lair branch before Depths: true
     0 | D:1      | 0 ||| qw: Lair rune preference: random
     0 | D:1      | 0 ||| qw: Plans: Normal, Zot:1-4, Slime:5, God:TSO, Crypt,
                  | Tomb, Abyss, Pan, Hells, Win
     0 | D:1      | 0 ||| PLANNING D:1-11
   135 | D:1      | Reached XP level 2. HP: 17/17 MP: 2/2
   810 | D:1      | 810 ||| UPGRADING to +0 ring mail.
   820 | D:1      | 820 ||| DROPPING +0 leather armour.
   821 | D:1      | 821 ||| READING scroll labelled BIJINOT YLUXUPP.
   822 | D:1      | 822 ||| READING 2 scrolls labelled BYIMOE UKKOPSA.
   826 | D:1      | 826 ||| READING scroll labelled BAMOFADARU.
   827 | D:1      | 827 ||| READING scroll labelled SUXTUIMUJI.
   828 | D:1      | 828 ||| DROPPING scroll of butterflies.
   949 | D:2      | Identified the +4 whip "Langoy" {freeze, Dex+2 SInv Stlth+}
  1041 | D:2      | Reached skill level 1 in Armour
  1054 | D:2      | Reached XP level 3. HP: 21/21 MP: 3/3
  1223 | D:2      | Found a runed translucent door.
  1224 | D:2      | Noticed Crazy Yiuf
  1312 | D:2      | Found a faded altar of an unknown god.
  1371 | D:2      | 1371 ||| READING scroll labelled VUSTAGY IPSUVEY.
  1372 | D:2      | 1372 ||| READING scroll labelled YQATZESH CENUO.
  1373 | D:2      | 1373 ||| READING 2 scrolls labelled NEYQUA AB JAA.
  1374 | D:2      | 1374 ||| DROPPING scroll of noise.
  1400 | D:3      | Reached skill level 5 in Ranged Weapons
  1431 | D:3      | Reached skill level 3 in Fighting
  1431 | D:3      | Reached XP level 4. HP: 28/28 MP: 4/4
  1496 | D:3      | Noticed Terence
  1505 | D:3      | HP: 3/28 [Terence/+0 flail (6)]
  1506 | D:3      | 1506 ||| READING scroll of teleportation.
  1507 | D:3      | Slain by Terence

Levels and vault maps discovered:
D:1:      dpeg_arrival_rooms_b, layout_loops_corners
D:2:      layout_basic, shapermc_ecumenical_altar_pompeii,
          uniq_crazy_yiuf_cottage
D:3:      layout_basic, uniq_ijyb, uniq_terence

Skill      XL: |  1  2  3 |
---------------+----------+-----
Armour         | 1 |  1.0
Ranged Weapons | 5 |  5.0
Fighting       | 3 |  3.1
Dodging        | |  1.5
Stealth        | |  1.1

Action                     |  1- 3 |  4- 6 || total
---------------------------+-------+-------++-------
   Fire: Shortbow          |    87 |    16 ||   103
    Use: Scroll            |     7 |     1 ||     8
 Armour: Leather armour    |     6 |       ||     6
         Ring mail         |     7 |     3 ||    10
  Dodge: Dodged            |    14 |     5 ||    19

Table legend:
 A = Non-vault XP
 B = Vault XP
 C = Vault XP percentage of total XP
 D = Non-vault monster count
 E = Vault monster count
 F = Vault count percentage of total count
                 A         B        C        D         E       F
            +---------+---------+-------+---------+---------+-------
      Total |     102 |       0 |   0.0 |      29 |       0 |   0.0
            +---------+---------+-------+---------+---------+-------
        D:1 |      23 |       0 |   0.0 |      14 |       0 |   0.0
        D:2 |      18 |       0 |   0.0 |       9 |       0 |   0.0
        D:3 |      61 |       0 |   0.0 |       6 |       0 |   0.0
            +---------+---------+-------+---------+---------+-------
